cohdb
Replays
Latest Replays
All Replays
Popular Replays
Top Player Replays
Match Explorer
How It Works
Community
CoH3 Stats
Reddit
Sign in to upload your games and track your stats! →
Sign in with Steam
Match 34500425
Unlisted
Match 34500425
Overview
Messages
Build Orders
End
Vickers Machine Gun Team
Construct Section Command Post
Infantry Section
Selects Australian Defense Battlegroup
Selects Australian Light Infantry Section
Australian Light Infantry Section
Grenade Package
Selects Defensive Tactics
Australian Light Infantry Section
Construct Platoon Command Post
Steady
XDAY-Fedor Emelianenko <3
sssteam3000
Arbitrary
Sir_Bobicus
Madbirmy
Dat Player
Tjay10
0
0
Comments
sign in to comment!
No comments posted yet!